Map: Cyber Forest LE

Players

InKacola - Winner!

  • Race: Terran Terran
  • League: Diamond
  • Spawn Location: 11:00

Smeeeger

  • Race: Zerg Zerg
  • League: Platinum
  • Spawn Location: 5:00

VOD

Have the link to the VOD?

Description

Time

  • Played on: July 23, 2019, 9:44 p.m.
  • Length: 13:22
Show
View Real Time Build Order
Export as new Build Order

InKacola Terran - Winner!

Build Orders: 2 Factory, Command Center First (CC), Mech 

Get SALT Encoding   

  12  0:02  SCV  
  13  0:14  SCV  
  13  0:17  Supply Depot  
  14  0:26  SCV  
  15  0:39  SCV  
  16  0:51  SCV  
  17  1:03  SCV  
  18  1:05  Command Center  
  18  1:15  SCV  
  19  1:21  Barracks  
  19  1:28  Refinery  
  19  1:29  SCV  
  20  1:34  Refinery  
  20  1:41  SCV  
  21  1:53  SCV  
  22  2:08  Marine  
  22  2:09  Orbital Command  
  23  2:16  Orbital Command  
  23  2:19  Factory  
  23  2:27  Barracks Reactor  
  23  2:37  SCV  
  23  2:43  Supply Depot, SCV  
  25  2:50  SCV  
  26  2:55  SCV  
  27  3:06  SCV  
  27  3:07  Factory, SCV  
  29  3:14  Hellion x2  
  29  3:18  SCV  
  34  3:20  Factory  
  34  3:21  Barracks Tech Lab  
  34  3:22  SCV  
  35  3:30  SCV  
  36  3:34  SCV  
  36  3:37  Hellion x2  
  36  3:38  Supply Depot  
  41  3:49  SCV  
  41  3:50  SCV  
  43  4:01  Infernal Pre-Igniter, Siege Tank, SCV  
  48  4:02  SCV  
  48  4:03  Factory Tech Lab  
  48  4:07  Refinery  
  48  4:09  Refinery  
  48  4:13  SCV  
  48  4:14  Supply Depot, SCV  
  48  4:15  Hellion x2  
  54  4:35  Siege Tank, SCV x2  
  59  4:38  Command Center  
  59  4:43  Siege Tank  
  62  4:56  Supply Depot  
  62  5:05  Supply Depot  
  62  5:13  Armory  
  62  5:14  Armory  
  62  5:18  Hellion x2, SCV x2  
  68  5:30  SCV x2  
  66  5:37  Siege Tank  
  66  5:38  Siege Tank  
  66  5:42  SCV x2  
  72  5:45  Hellion x2  
  76  5:54  SCV x2  
  78  6:04  Terran Vehicle And Ship Armor Level 1  
  78  6:05  Terran Vehicle Weapons Level 1  
  78  6:06  Refinery, SCV x2  
  78  6:10  Refinery  
  80  6:11  Factory, Orbital Command  
  80  6:12  Factory  
  74  6:19  SCV x2  
  74  6:24  Supply Depot  
  74  6:25  Supply Depot  
  76  6:31  SCV x2  
  78  6:37  Mag-Field Accelerator  
  78  6:40  SCV  
  78  6:43  SCV x2  
  81  6:52  SCV  
  81  7:00  SCV  
  81  7:01  SCV  
  83  7:02  Factory Reactor, Factory Tech Lab  
  83  7:04  SCV  
  90  7:08  Hellion x3  
  90  7:09  Hellion  
  90  7:12  SCV  
  90  7:13  SCV  
  94  7:16  SCV  
  95  7:25  SCV  
  95  7:28  Supply Depot  
  95  7:29  SCV  
  101  7:30  Hellion x2  
  101  7:31  Command Center  
  101  7:32  Supply Depot  
  101  7:33  Supply Depot  
  101  7:36  Engineering Bay  
  101  7:37  SCV  
  101  7:38  SCV  
  101  7:41  SCV  
  104  7:47  Supply Depot  
  104  7:49  SCV  
  104  7:50  SCV  
  106  7:53  SCV  
  106  7:54  Cyclone x2  
  106  7:55  Cyclone, Hellion x4  
  124  8:04  Sensor Tower  
  124  8:05  SCV  
  125  8:09  Supply Depot x2  
  125  8:16  Hellion x2  
  129  8:26  Cyclone x2  
  138  8:27  Cyclone  
  138  8:29  Hellion  
  138  8:31  Hellion, Terran Vehicle And Ship Armor Level 2, Terran Vehicle Weapons Level 2  
  138  8:32  Supply Depot  
  142  8:37  Hellion  
  144  8:58  Cyclone  
  144  8:59  Cyclone  
  142  9:17  Cyclone  
  142  9:18  Hellion x4  
  153  9:26  Supply Depot  
  153  9:27  Supply Depot  
  153  9:30  Cyclone  
  153  9:31  Cyclone  
  159  9:33  Planetary Fortress  
  159  9:39  Hellion x4  
  167  9:49  Cyclone  
  167  9:52  Refinery  
  170  9:53  Refinery  
  170  10:00  Hellion x2  
  170  10:03  Supply Depot, Cyclone x2  
  170  10:04  Supply Depot  
  180  10:11  Factory x2  
  180  10:12  Factory  
  180  10:16  Supply Depot  
  180  10:17  Supply Depot  
  180  10:21  Cyclone  
  180  10:28  Hellion x3, Sensor Tower  
  189  10:35  Cyclone x2, Starport  
  195  10:37  Starport  
  195  10:40  Starport  
  195  10:53  Cyclone  
  198  10:57  Factory Reactor, Command Center, Factory Tech Lab x2  
  198  10:58  Command Center  
  153  11:35  Cyclone  
  153  11:36  Cyclone x4, Hellion x6  
  171  11:50  SCV  
  171  11:51  SCV  
  173  11:57  Hellion  
  175  12:02  SCV  
  175  12:03  SCV  
  175  12:07  Cyclone  
  180  12:11  Orbital Command x2  
  180  12:13  Cyclone x4, Hellion x3  
  180  12:14  SCV  
  199  12:15  Starport Reactor  
  199  12:16  Starport Reactor, Starport Tech Lab  
  199  12:26  SCV  
Show
View Real Time Build Order
Export as new Build Order

Smeeeger Zerg 

Build Orders: Hatch First, Roach Hydra 

Get SALT Encoding   

  12  0:01  Drone  
  13  0:15  Overlord  
  13  0:22  Drone  
  14  0:33  Drone x2  
  16  0:37  Drone  
  17  0:49  Drone  
  18  0:58  Hatchery  
  18  1:00  Drone  
  18  1:02  Extractor  
  17  1:15  Spawning Pool  
  17  1:17  Drone  
  17  1:23  Drone  
  18  1:34  Drone  
  20  1:47  Overlord  
  20  1:51  Hatchery  
  19  2:00  Drone  
  20  2:08  Hatchery  
  19  2:17  Metabolic Boost  
  19  2:18  Queen  
  21  2:27  Zergling x2  
  21  2:28  Zergling x4  
  24  2:53  Baneling Nest  
  23  3:03  Drone x3  
  23  3:04  Queen  
  28  3:06  Drone  
  29  3:14  Drone  
  29  3:15  Overlord  
  30  3:20  Queen  
  30  3:24  Zergling x2  
  33  3:29  Drone x2  
  35  3:43  Baneling x4  
  35  3:54  Drone x4, Queen  
  35  3:55  Drone x2  
  43  3:59  Overlord  
  43  4:10  Drone  
  43  4:11  Drone x3  
  43  4:16  Baneling x2  
  47  4:18  Baneling  
  47  4:19  Drone  
  47  4:20  Drone x2  
  47  4:23  Overlord  
  50  4:25  Drone  
  51  4:37  Roach Warren  
  50  4:40  Drone x2, Extractor  
  50  4:42  Extractor  
  50  4:44  Drone x3  
  50  4:45  Drone  
  54  4:47  Spine Crawler  
  53  4:56  Drone x3  
  53  4:57  Drone x3  
  53  4:59  Overlord  
  59  5:12  Spore Crawler  
  59  5:13  Spore Crawler  
  57  5:15  Drone x2  
  57  5:16  Spore Crawler, Drone x3  
  60  5:35  Drone x6  
  60  5:44  Lair  
  60  5:49  Drone x4  
  64  5:50  Drone  
  64  5:51  Roach x4, Evolution Chamber  
  64  5:54  Evolution Chamber  
  71  5:58  Overlord x3  
  71  6:00  Pneumatized Carapace  
  71  6:07  Drone x2  
  71  6:24  Zerg Ground Armor Level 1, Zerg Missile Weapons Level 1  
  71  6:27  Roach x2  
  71  6:28  Roach x3  
  81  6:33  Overlord x2  
  81  6:34  Extractor  
  81  6:36  Overlord x2  
  80  6:46  Roach x5  
  86  6:52  Hatchery  
  85  6:58  Glial Reconstitution  
  83  7:13  Roach x3  
  83  7:14  Roach x2  
  93  7:19  Drone x3, Extractor  
  93  7:20  Drone x3, Extractor  
  93  7:21  Drone x3  
  93  7:22  Overlord x3  
  100  7:26  Drone x2  
  100  7:27  Drone  
  103  7:32  Hydralisk Den  
  102  7:38  Nydus Network  
  101  7:54  Extractor  
  101  7:58  Extractor  
  99  8:00  Spine Crawler  
  99  8:03  Drone x10  
  99  8:04  Overlord x3, Queen  
  110  8:07  Ravager x4  
  110  8:08  Ravager  
  110  8:09  Roach  
  110  8:10  Roach x2  
  121  8:15  Muscular Augments  
  121  8:21  Drone x3  
  121  8:22  Drone x3  
  127  8:40  Nydus Canal  
  127  8:46  Hydralisk  
  127  8:47  Hydralisk x8  
  127  8:48  Hydralisk  
  118  9:23  Zergling x26  
  131  9:27  Grooved Spines  
  131  9:38  Zerg Ground Armor Level 2, Infestation Pit, Zerg Missile Weapons Level 2  
  130  9:40  Roach  
  130  9:41  Roach x3  
  138  9:49  Hatchery  
  138  9:52  Hatchery, Drone  
  137  9:53  Drone x5  
  142  10:05  Hatchery  
  141  10:07  Hydralisk x6  
  141  10:08  Hydralisk x4  
  141  10:11  Baneling  
  141  10:12  Baneling x8  
  141  10:13  Centrifical Hooks  
  161  10:15  Hive  
  161  10:19  Spire  
  160  10:26  Overseer x2, Drone  
  161  10:29  Burrow  
  161  10:32  Swarm Host  
  161  10:35  Overlord x4  
  164  10:36  Overlord  
  164  10:43  Baneling x9  
  164  10:48  Overlord  
  164  10:52  Overlord x4  
  111  11:34  Corruptor x8  
  111  11:35  Corruptor x3  
  111  11:36  Zergling x26  
  121  11:43  Roach  
  121  11:44  Roach x4  
  121  11:47  Overseer x2  
  131  11:50  Hydralisk x2  
  135  11:58  Baneling x5  
  135  11:59  Baneling x2  
  135  12:02  Corruptor  
  137  12:10  Greater Spire  
  137  12:27  Zergling x34  
  137  12:28  Zergling x10  
  159  12:47  Zergling x38  
  159  12:48  Zergling x2  
  155  13:02  Roach x11  
Tags
 
Add a new tag
Caveats
  • Supply blocks, unpowered buildings, or Contaminate may cause inaccurate times.
  • Supply counts are checked every 10 seconds.